 Dungeon Crawl Stone Soup version 0.31-a0-267-g3fc6992b3b (webtiles) character file.

Game seed: 16433855937778389887

31 British0li the Sneak (level 3, 0/29 HPs)
             Began as a Demonspawn Delver on July 14, 2023.
             Frozen to death by an endoplasm (5 damage)
             ... in a sewer.
             The game lasted 00:00:50 (250 turns).

British0li the Sneak (Demonspawn Delver)             Turns: 250, Time: 00:00:50

Health: 0/29       AC:  3    Str: 14    XL:     3   Next: 7%
Magic:  3/3        EV: 12    Int: 11    God:
Gold:   0          SH:  0    Dex: 14    Spells: 2/2 levels left

rFire   . . .        a - +0 falchion
rCold   . . .        (no shield)
rNeg    . . .        b - +0 leather armour
rPois   .            (helmet restricted)
rElec   .            (no cloak)
rCorr   .            (no gloves)
SInv    .            (no boots)
Will    .....        (no amulet)
Stlth   +++          (no ring)
HPRegen 0.24/turn    (no ring)
MPRegen 0.08/turn

%: no passive effects
@: no status effects
A: antennae 1, ignite blood 1
a: no special abilities


You were in a sewer.
You visited 1 branch of the dungeon, and saw 1 of its levels.
You also visited: Sewer.

Inventory:

Hand Weapons
 a - a +0 falchion (weapon)
Armour
 b - a +0 leather armour (worn)
Wands
 g - a wand of digging (3)
Scrolls
 c - a scroll of fog
 e - a scroll of fear
Potions
 f - a potion of haste


   Skills:
 + Level 3.3 Fighting
 * Level 2.3 Long Blades
 + Level 0.5 Armour
 + Level 2.1 Dodging
 - Level 4.6 Stealth


You had 2 spell levels left.
You didn't know any spells.
Your spell library was empty.

Dungeon Overview and Level Annotations

Branches:
Dungeon (5/15)             Temple (0/1) D:5           Sewer (1/1)

Altars:


Innate Abilities, Weirdness & Mutations

You have a pair of small antennae on your head.
Your demonic aura sometimes causes spilled blood to erupt in flames.


Message History

You are too injured to fight recklessly!
You are too injured to fight recklessly!
The frilled lizard attacks as you move away!
The frilled lizard closely misses you.
The endoplasm splashes around in the water.
The giant cockroach closely misses you.
You hit the endoplasm.
The endoplasm is severely wounded.
The endoplasm quivers.
The giant cockroach bites you. The endoplasm freezes you.
You are frozen.
* * * LOW HITPOINT WARNING * * *
Okay, then.
Okay, then.
You hit the endoplasm.
You kill the endoplasm!
The giant cockroach barely misses you.
The giant cockroach waves its antennae.
The frilled lizard bites you but does no damage.
The giant cockroach closely misses you.
You have reached level 3!
Your experience leads to an increase in your attributes!
Increase (S)trength, (I)ntelligence, or (D)exterity?
You feel stronger. x2; Your demonic ancestry asserts itself...
A pair of antennae grows on your head! The giant cockroach bites you.
* * * LOW HITPOINT WARNING * * *
You hit the frilled lizard.
You kill the frilled lizard!
The giant cockroach closely misses you.
You hit the giant cockroach.
You kill the giant cockroach!
The giant cockroach bites you but does no damage.
The giant cockroach closely misses you.
You slash the giant cockroach!
You kill the giant cockroach!
The endoplasm freezes you.
You are frozen.
You die...

~.# #..~..~~..
#.~ .~####
#~..~~.~.~ #~~
..~r. #..#######
#~~. ##~r.~ #..#
##~..##~..# #..#
~~~.~#.~.#
#..#######
~~.~..~r#
#....†.~~~
#~..~~~†##
#.~..†~~~.
###.~~.J@##
##########
#~~~.....##
#~~~###~.~~# ...#
##~~~## # ..#
##...### ### ~~
#.~~†~#########~~
##..~~......~.~.~
####~.....~~...#
#############


You could see an endoplasm and a rat.

Vanquished Creatures
  2 adders
  A ball python (Sewer)
  2 endoplasms (Sewer)
  5 giant cockroaches
  A frilled lizard (Sewer)
  4 rats
15 creatures vanquished.

Notes
Turn   | Place    | Note
-------+----------+-------------------------------------------
     0 | D:5      | British0li the Demonspawn Delver began the quest for the
                  | Orb.
     0 | D:5      | Reached XP level 1. HP: 18/18 MP: 1/1
    20 | D:5      | Found a glowing drain.
    25 | D:5      | Gained mutation: Your demonic aura sometimes causes spilled
                  | blood to erupt in flames. [demonic ancestry]
    25 | D:5      | Reached XP level 2. HP: 19/24 MP: 2/2
    42 | Sewer    | Entered a sewer
   247 | Sewer    | Gained mutation: You have a pair of small antennae on your
                  | head. [demonic ancestry]
   247 | Sewer    | Reached XP level 3. HP: 5/29 MP: 3/3
   250 | Sewer    | Frozen to death by an endoplasm

Illustrated notes

Levels and vault maps discovered:
D:5:      layout_basic, nicolae_yredelemnul_ghost_church, kennysheep_little_box,
          minmay_temple_entry_stoned_glass, portal_sewer_entry_a
Sewer:    sewer_hellmonk_slimy_pipes

Skill      XL: |  1 |
---------------+----+-----
Long Blades    | 2 |  2.3
Dodging        | 2 |  2.1
Fighting       | |  3.3
Armour         | |  0.5
Stealth        | |  4.6

Action                     || total
---------------------------++-------
  Melee: Falchion          ||    45
         Punch             ||     1
    Use: Scroll            ||     1
   Stab: Sleeping          ||     2
 Armour: Leather armour    ||    12
  Dodge: Dodged            ||    48

Table legend: (Time is in decaauts)
 A = Elapsed time spent in this place.
 B = Non-inter-level travel time spent in this place.
 C = Inter-level travel time spent in this place.
 D = Time resting spent in this place.
 E = Time spent auto-exploring this place.
 F = Levels seen in this place.
 G = Mean time per level.
                   A        B        C        D        E       F      G
               +--------+--------+--------+--------+--------+-----+--------+
         Total |    268 |    255 |     13 |     67 |     77 |   2 |  134.0 |
       Dungeon |     46 |     33 |     13 |      0 |      0 |   1 |   46.0 |
         Sewer |    222 |    222 |      0 |     67 |     77 |   1 |  222.0 |
               +--------+--------+--------+--------+--------+-----+--------+

Top non-repeatable levels by time:
   Sewer: 222 daAuts
     D:5: 46 daAuts
